 Dungeon Crawl Stone Soup version 0.27.1-16-g815e20cd7a (webtiles) character file.

Game seed: 5960457635853420457

198 bearlyready the Sneak (level 5, 0/37 HPs)
             Began as a Gnoll Enchanter on Nov 21, 2021.
             Slain by a steam dragon (8 damage)
             ... on level 4 of the Dungeon.
             The game lasted 00:03:40 (3428 turns).

bearlyready the Sneak (Gnoll Enchanter)             Turns: 3428, Time: 00:03:41

Health: 0/37       AC:  4    Str:  8    XL:     5   Next: 77%
Magic:  12/12      EV: 12    Int: 15    God:
Gold:   60         SH:  0    Dex: 12    Spells: 13/14 levels left

rFire    . . .     SeeInvis .   m - +1 hand axe (venom)
rCold    . . .     Faith    .   (no shield)
rNeg     . . .     Spirit   .   p - +0 leather armour
rPois    .         Reflect  +   (no helmet)
rElec    .         Harm     .   (no cloak)
rCorr    .         Rampage  .   (no gloves)
Will     .....                  w - +0 pair of boots
Stlth    +.........             z - amulet of reflection
HPRegen  0.12/turn              n - +4 ring of slaying
MPRegen  0.13/turn              (no ring)

@: confused, ambrosia-drunk, attractive
A: fangs 1, strong nose, distributed training
a: no special abilities


You were on level 4 of the Dungeon.
You visited 1 branch of the dungeon, and saw 4 of its levels.

You collected 60 gold pieces.

Inventory:

Hand Weapons
 a - a +1 dagger
 d - a +2 mace of protection
 m - a +1 hand axe of venom (weapon)
Missiles
 e - 20 bolts
 f - 23 sling bullets
 l - 57 stones
 s - 13 arrows
 y - 16 poisoned darts
Armour
 b - a +0 robe
 p - a +0 leather armour (worn)
 w - a +0 pair of boots (worn)
Jewellery
 j - a ring of ice
 n - a +4 ring of slaying (left hand)
 z - an amulet of reflection (around neck)
Scrolls
 g - a scroll of acquirement {unknown}
 h - a scroll of amnesia {unknown}
 i - a scroll of noise {unknown}
 k - 2 scrolls of identify {unknown}
 q - 3 scrolls of enchant armour {unknown}
 A - a scroll of teleportation {unknown}
 C - a scroll of enchant weapon {unknown}
Potions
 c - a potion of cancellation {unknown}
 o - 2 potions of curing
 r - a potion of degeneration {unknown}
 t - a potion of attraction
 u - a potion of flight {unknown}
 v - 2 potions of ambrosia
 x - a potion of haste {unknown}
 B - a potion of might {unknown}


   Skills:
 + Level 1.6 Fighting
 + Level 3.0 Short Blades
 + Level 1.6 Long Blades
 + Level 1.6 Axes
 + Level 1.6 Maces & Flails
 + Level 1.6 Polearms
 + Level 1.6 Staves
 + Level 1.6 Slings
 + Level 1.6 Bows
 + Level 1.6 Crossbows
 + Level 1.6 Throwing
 + Level 1.6 Armour
 + Level 4.8 Dodging
 + Level 6.2 Stealth
 + Level 1.6 Shields
 + Level 1.6 Unarmed Combat
 + Level 5.2 Spellcasting
 + Level 1.3 Conjurations
 + Level 5.6 Hexes
 + Level 1.3 Summonings
 + Level 1.3 Necromancy
 + Level 1.3 Translocations
 + Level 1.3 Transmutations
 + Level 1.3 Fire Magic
 + Level 1.3 Ice Magic
 + Level 1.3 Air Magic
 + Level 1.3 Earth Magic
 + Level 1.3 Poison Magic
 + Level 1.8 Invocations
 + Level 1.6 Evocations


You had 13 spell levels left.
You knew the following spells:

 Your Spells              Type           Power      Damage    Failure   Level
a - Corona                Hex            22%        N/A       2%          1

Your spell library contained the following spells:

 Spells                   Type           Power      Damage    Failure   Level
 Slow                     Hex            20%        N/A       3%          2
 Confusing Touch          Hex            20%        N/A       7%          3
 Tukima's Dance           Hex            20%        N/A       7%          3
 Ensorcelled Hibernation  Hex/Ice        28%        N/A       9%          2
 Dazzling Flash           Conj/Hex       28%        N/A       16%         3
 Vampiric Draining        Necr           3%         2d6       36%         3


Dungeon Overview and Level Annotations

Branches:
Dungeon (4/15)             Temple (0/1) D:4

Altars:


Innate Abilities, Weirdness & Mutations

You have very sharp teeth.
Your uncanny sense of smell can sniff out nearby items.
Your experience applies equally to all skills.


Message History

The steam dragon breathes steam at you. The ball of steam hits you!
The steam dragon bites you. The steam dragon claws you.
You barely miss the steam dragon.
The steam dragon is moderately wounded.
The steam dragon bites you!
* * * LOW HITPOINT WARNING * * *
You block the steam dragon's attack. The steam dragon breathes steam at you.
The ball of steam hits you.
* * * LOW HITPOINT WARNING * * *
Unknown command.
It was a potion of attraction.
You feel attractive to monsters.
You are engulfed in a cloud of scalding steam.
It was a potion of ambrosia.
You are confused.
You feel invigorated.
The steam dragon stops glowing.
The steam dragon barely misses you.
The steam dragon claws you but does no damage.
You barely miss the steam dragon. Your bite misses the steam dragon.
The steam dragon is moderately wounded.
The steam dragon barely misses you. The steam dragon claws you.
* * * LOW HITPOINT WARNING * * *
You miss the steam dragon.
The steam dragon is moderately wounded.
The steam dragon bites you but does no damage.
The steam dragon claws you.
* * * LOW HITPOINT WARNING * * *
You bump into the rock wall.
The steam dragon breathes steam at you. The ball of steam misses you.
You barely miss the steam dragon.
The steam dragon is moderately wounded.
You are engulfed in a cloud of scalding steam.
* * * LOW HITPOINT WARNING * * *
The steam dragon barely misses you. The steam dragon claws you.
* * * LOW HITPOINT WARNING * * *
The steam dragon bites you!
You die...

####..#.#.#.#.#.
................
##......#.###..#
......).#.# ...#....#.. ...
.# #...†########.#########
###.........§§#.#........
.........D####.#.#.#######
######+###@#..#.#.#.#.#..##
........##§#..#.#.#.<.....#
#....'..#..#.#.#########
#....####..#+#..........
###'#..........#########
#.#...#......'.......
#.#...#......#######.
#.#.#.#......#
#.#.#.#.###.##


You could see a steam dragon (poisoned, catching breath).

Vanquished Creatures
  An iguana (D:4)
  Natasha (thrice) (D:2)
  2 adders
  2 adder skeletons
  A worm (D:2)
  5 dart slugs
  3 orcs
  8 endoplasms
  3 giant cockroaches
  8 goblins
  3 hobgoblins
  2 kobolds (D:3)
  A quokka (D:4)
  6 ball pythons
  4 bats (D:2)
  2 frilled lizards
  2 rats
56 creatures vanquished.

Notes
Turn   | Place    | Note
-------+----------+-------------------------------------------
     0 | D:1      | bearlyready the Gnoll Enchanter began the quest for the
                  | Orb.
     0 | D:1      | Reached XP level 1. HP: 13/13 MP: 6/6
   286 | D:1      | Reached XP level 2. HP: 19/19 MP: 7/7
  1067 | D:2      | Reached XP level 3. HP: 25/25 MP: 9/9
  1071 | D:2      | Reached skill level 5 in Spellcasting
  1205 | D:2      | Reached skill level 6 in Stealth
  1302 | D:2      | Noticed Natasha
  1310 | D:2      | Killed Natasha
  1311 | D:2      | Reached skill level 1 in Fighting
  1311 | D:2      | Reached skill level 1 in Long Blades
  1311 | D:2      | Reached skill level 1 in Axes
  1311 | D:2      | Reached skill level 1 in Maces & Flails
  1311 | D:2      | Reached skill level 1 in Polearms
  1311 | D:2      | Reached skill level 1 in Staves
  1311 | D:2      | Reached skill level 1 in Slings
  1311 | D:2      | Reached skill level 1 in Bows
  1311 | D:2      | Reached skill level 1 in Crossbows
  1311 | D:2      | Reached skill level 1 in Throwing
  1311 | D:2      | Reached skill level 1 in Armour
  1311 | D:2      | Reached skill level 1 in Shields
  1311 | D:2      | Reached skill level 1 in Unarmed Combat
  1311 | D:2      | Reached skill level 1 in Invocations
  1311 | D:2      | Reached skill level 1 in Evocations
  1466 | D:2      | Reached XP level 4. HP: 32/32 MP: 11/11
  1516 | D:2      | Noticed Natasha
  1526 | D:2      | Killed Natasha
  1527 | D:2      | Reached skill level 1 in Conjurations
  1527 | D:2      | Reached skill level 1 in Summonings
  1527 | D:2      | Reached skill level 1 in Necromancy
  1527 | D:2      | Reached skill level 1 in Translocations
  1527 | D:2      | Reached skill level 1 in Transmutations
  1527 | D:2      | Reached skill level 1 in Fire Magic
  1527 | D:2      | Reached skill level 1 in Ice Magic
  1527 | D:2      | Reached skill level 1 in Air Magic
  1527 | D:2      | Reached skill level 1 in Earth Magic
  1527 | D:2      | Reached skill level 1 in Poison Magic
  1711 | D:2      | Noticed Natasha
  1719 | D:2      | Killed Natasha
  1720 | D:2      | Reached XP level 5. HP: 30/37 MP: 12/12
  3405 | D:4      | Found a staircase to the Ecumenical Temple.
  3406 | D:4      | Noticed a steam dragon
  3428 | D:4      | Slain by a steam dragon

Illustrated notes

Levels and vault maps discovered:
D:1:      lightli_arrival_maybe_door_vault, layout_loops_ring,
          chequers_decorated_corner, dk_noncrumbling_4
D:2:      layout_basic, kennysheep_another_room, minmay_circled_x, uniq_natasha
D:3:      layout_basic
D:4:      minmay_octagon_keep, layout_basic, minmay_temple_entry_glass

Skill      XL: |  1  2  3  4  5 |
---------------+----------------+-----
Spellcasting   | 5 |  5.2
Stealth        | 6 |  6.2
Fighting       | 1 |  1.6
Long Blades    | 1 |  1.6
Axes           | 1 |  1.6
Maces & Flails | 1 |  1.6
Polearms       | 1 |  1.6
Staves         | 1 |  1.6
Slings         | 1 |  1.6
Bows           | 1 |  1.6
Crossbows      | 1 |  1.6
Throwing       | 1 |  1.6
Armour         | 1 |  1.6
Shields        | 1 |  1.6
Unarmed Combat | 1 |  1.6
Invocations    | 1 |  1.8
Evocations     | 1 |  1.6
Conjurations   | 1 |  1.3
Summonings     | 1 |  1.3
Necromancy     | 1 |  1.3
Translocations | 1 |  1.3
Transmutations | 1 |  1.3
Fire Magic     | 1 |  1.3
Ice Magic      | 1 |  1.3
Air Magic      | 1 |  1.3
Earth Magic    | 1 |  1.3
Poison Magic   | 1 |  1.3
Short Blades   | 3 |  3.0
Dodging        | |  4.8
Hexes          | |  5.6

Action                   |  1- 3 |  4- 6 || total
-------------------------+-------+-------++-------
Melee: Dagger            |    52 |       ||    52
       Bite              |    11 |     2 ||    13
       Hand axe          |    26 |    72 ||    98
 Cast: Corona            |       |     2 ||     2
  Use: Potion            |       |     2 ||     2
 Stab: Sleeping          |    14 |     8 ||    22
Armor: Robe              |    10 |       ||    10
       Leather armour    |     2 |    16 ||    18
Dodge: Dodged            |    52 |    39 ||    91
Block: Other             |       |     4 ||     4
